 Dungeon Crawl Stone Soup version 0.27-a0-1525-g1038ab4fd7 (webtiles) character file.

Game seed: 10224825558677999375

258727 gimp the Severer (level 21, -9/160 HPs)
             Began as a Formicid Monk on July 11, 2021.
             Was an Initiate of Gozag.
             Drowned by a water nymph (11 damage)
             ... on level 4 of the Shoals.
             The game lasted 01:18:04 (46513 turns).

gimp the Severer (Formicid Monk)                   Turns: 46513, Time: 01:18:05

Health: -9/160     AC: 31    Str: 28    XL:     21   Next: 15%
Magic:  21/21      EV:  5    Int: 10    God:    Gozag
Gold:   288        SH:  0    Dex: 20    Spells: 20/20 levels left

rFire    + . .     SeeInvis +   a - +2 battleaxe (drain)
rCold    + + +     Faith    .   X - +4 kite shield of Koelet {rPois Dex+7}
rNeg     . . .     Spirit   .   P - +5 plate armour of Cloud Cover {rElec Will+}
rPois    +         Reflect  .   (helmet unavailable)
rElec    +         Harm     .   n - scarf {rC+ rF+}
rCorr    +         Rampage  +   Z - +2 pair of gloves {Str+3}
Will     +++++                  G - +2 pair of boots of the Furies {Rampage}
Stlth    ..........             T - necklace of Bloodlust {*Rage +Rage Will++ Int-3 Slay+6}
HPRegen  0.36/turn              r - ring of flight
MPRegen  0.17/turn              Q - ring "Luypsu" {Drain rC++ Will+ rCorr Int+2}

@: gold aura, flying, held, bribing [the Shoals]
A: permanent stasis, dig shafts and tunnels, antennae 3, four strong arms
}: 1/15 runes: serpentine
a: Dig, Shaft Self, Renounce Religion, Potion Petition, Call Merchant, Bribe
Branch


You were on level 4 of the Shoals.
You worshipped Gozag.
Gozag was aware of your devotion.
You visited 6 branches of the dungeon, and saw 32 of its levels.
You also visited: Volcano.

You collected 15495 gold pieces.
You spent 5746 gold pieces at shops.
You paid 9461 gold pieces to Gozag.

Inventory:

Hand Weapons
 a - a +2 battleaxe of draining (weapon)
 b - the +7 broad axe of Zuutumigh {vorpal, Str+5 Int-5}
   (You found it on level 1 of the Lair of Beasts)

   It inflicts extra damage upon your enemies.
   Str:       It affects your strength (+5).
   Int:       It affects your intelligence (-5).
 C - a +4 war axe
 F - a +2 scimitar of flaming
Missiles
 c - 7 throwing nets
 i - 108 poisoned darts
 z - 7 curare-tipped darts
Armour
 n - a scarf of resistance (worn)
 s - a +0 tower shield of protection
 G - the +2 pair of boots of the Furies (worn) {Rampage}
   (You bought it in a shop on level 7 of the Dungeon)

   Rampage:   It bestows one free step when moving towards enemies.
 P - the +5 plate armour of Cloud Cover (worn) {rElec Will+}
   (You bought it in a shop on level 5 of the Lair of Beasts)

   rElec:     It insulates you from electricity.
   Will:      It increases your willpower.
 X - the +4 kite shield of Koelet (worn) {rPois Dex+7}
   (You took it off Asterion on level 3 of the Snake Pit)

   Dex:       It affects your dexterity (+7).
   rPois:     It protects you from poison.
 Z - a +2 pair of gloves of strength (worn)
Jewellery
 r - a ring of flight (left hand)
 w - a ring of fire
 Q - the ring "Luypsu" (right hand) {Drain rC++ Will+ rCorr Int+2}
   (You bought it in a shop on level 4 of the Snake Pit)

   [ring of resist corrosion]

   Int:       It affects your intelligence (+2).
   rC:        It greatly protects you from cold.
   rCorr:     It protects you from acid and corrosion.
   Drain:     It drains your maximum health when unequipped.
   Will:      It increases your willpower.
 R - the ring of Zentuuf {Drain rN++ MP+9 AC+4 Stlth+}
   (You found it on level 1 of the Snake Pit)

   [ring of protection]

   AC:        It affects your AC (+4).
   rN:        It greatly protects you from negative energy.
   MP:        It affects your magic capacity (+9).
   Drain:     It drains your maximum health when unequipped.
   Stlth:     It makes you more stealthy.
 T - the necklace of Bloodlust (around neck) {*Rage +Rage Will++ Int-3 Slay+6}
   (You bought it in a shop on level 13 of the Dungeon)

   [amulet of nothing]

   It extends the wearer's berserk rage when killing foes.
   Int:       It affects your intelligence (-3).
   Slay:      It affects your accuracy & damage with ranged weapons and melee
   (+6).
   +Rage:     It lets you go berserk.
   *Rage:     It may make you go berserk in combat.
   Will:      It greatly increases your willpower.
Wands
 j - a wand of mindburst (44)
 t - a wand of acid (14)
 x - a wand of flame (100)
 A - a wand of charming (7)
 D - a wand of digging (4)
 E - a wand of polymorph (28)
 J - a wand of paralysis (17) (quivered)
Scrolls
 d - 3 scrolls of holy word
 e - 6 scrolls of immolation
 h - 4 scrolls of summoning
 k - a scroll of fear
 l - 5 scrolls of fog
 o - 3 scrolls of enchant armour
 p - 5 scrolls of magic mapping
 H - 9 scrolls of identify
 O - a scroll of brand weapon
 V - a scroll of enchant weapon
Potions
 f - 5 potions of might
 g - 3 potions of invisibility
 m - 4 potions of ambrosia
 q - 2 potions of mutation
 u - 4 potions of heal wounds
 B - 2 potions of magic
 K - 3 potions of cancellation
 L - 4 potions of flight
 U - a potion of curing
Miscellaneous
 v - a phial of floods
 M - a lightning rod (4/4)
 S - a phantom mirror


   Skills:
 + Level 12.6 Fighting
 - Level 20.0 Axes
 + Level 19.1 Armour
 - Level 2.6 Dodging
 - Level 2.4 Stealth
 - Level 18.8 Shields
 + Level 12.3 Evocations


You had 20 spell levels left.
You didn't know any spells.
Your spell library contained the following spells:

 Spells                   Type           Power      Damage    Failure   Level
 Foxfire                  Conj/Fire      0%         2x1d4     87%         1
 Magic Dart               Conj           0%         1d3       87%         1
 Ensorcelled Hibernation  Hex/Ice        0%         N/A       95%         2
 Searing Ray              Conj           0%         3d3       95%         2
 Slow                     Hex            0%         N/A       95%         2
 Sublimation of Blood     Necr           0%         N/A       95%         2
 Confusing Touch          Hex            0%         N/A       99%         3
 Conjure Flame            Conj/Fire      0%         6-21      99%         3
 Inner Flame              Hex/Fire       0%         N/A       99%         3
 Ozocubu's Armour         Ice            0%         N/A       99%         3
 Spider Form              Tmut/Pois      0%         N/A       99%         3
 Stone Arrow              Conj/Erth      0%         3d7       99%         3
 Tukima's Dance           Hex            0%         N/A       99%         3
 Animate Armour           Summ/Erth      0%         N/A       100%        4
 Animate Dead             Necr           0%         N/A       100%        4
 Cause Fear               Hex            0%         N/A       100%        4
 Fulminant Prism          Conj/Hex       0%         3d6       100%        4
 Passage of Golubria      Tloc           N/A        N/A       100%        4
 Petrify                  Tmut/Erth      0%         N/A       100%        4
 Borgnjor's Vile Clutch   Necr/Erth      0%         N/A       100%        5
 Irradiate                Conj/Tmut      0%         3d13      100%        5
 Iskenderun's Battlesphe  Conj           0%         2d6       100%        5
 Silence                  Hex/Air        0%         N/A       100%        5
 Yara's Violent Unravell  Hex/Tmut       0%         3d3       100%        5
 Death Channel            Necr           0%         N/A       100%        6
 Iron Shot                Conj/Erth      0%         9d1       100%        6
 Shadow Creatures         Summ           N/A        N/A       100%        6
 Ozocubu's Refrigeration  Ice            0%         4d5       100%        7
 Spellforged Servitor     Conj/Summ      0%         N/A       100%        7
 Discord                  Hex            0%         N/A       100%        8
 Lehudib's Crystal Spear  Conj/Erth      0%         10d2      100%        8


Dungeon Overview and Level Annotations

Branches:
Dungeon (15/15)            Temple (1/1) D:5            Lair (6/6) D:11
 Shoals (4/4) Lair:2        Snake (4/4) Lair:2        Slime (0/5) Lair:5
    Orc (2/2) D:10            Elf (0/3) Orc:2        Vaults (0/5) D:13
 Depths (0/5) D:15        Volcano (visited)

Altars:
Ashenzari
Cheibriados
Dithmenos
Elyvilon
Fedhas
Gozag
Hepliaklqana
Kikubaaqudgha
Makhleb
Nemelex Xobeh
Okawaru
Qazlal
Ru
Sif Muna
Trog
Uskayaw
Vehumet
Wu Jian
Xom
Yredelemnul
Zin
The Shining One
Beogh

Shops:
D:6 [   D:7 ![[   D:10 (   D:13 =   Orc:2 *?=[   Lair:5 [   Shoals:1 *
Shoals:2 !   Snake:3 [   Snake:4 =:=

Annotations:
D:11 3 runed translucent doors, Demosthentine's ghost, journeyman MfGl; TerrariaFan's ghost, journeyman MiFi
D:14 3 runed translucent doors, robertstho's ghost, journeyman DjFE
Lair:6 exclusion: orange crystal statue


Innate Abilities, Weirdness & Mutations

You cannot be hasted, slowed, berserked, paralysed or teleported.
You can dig through walls and to a lower floor.
You have a pair of large antennae on your head. (SInv)
Your four strong arms can wield two-handed weapons with a shield.


Message History

The merfolk hits you but does no damage. x2
The sea snake bites you.
The merfolk hits you but does no damage.
The merfolk hits you from afar with a +0 glaive!
The merfolk impaler completely misses you.
The water nymph touches you. The water nymph drowns you!
The merfolk impaler hits you from afar with a +1 trident of protection.
The merfolk is distracted by your dazzling golden aura.
You take 26 damage, and have 57/160 hp.
Okay, then.
Unknown command.
Okay, then.
Unknown command.
You feel better.
The merfolk impaler hits you with a +0 demon trident of freezing!
The merfolk hits you from afar with a +0 trident.
The sea snake bites you but does no damage.
The merfolk barely misses you.
The merfolk impaler hits you from afar with a +1 trident of protection.
The merfolk is distracted by your dazzling golden aura.
The merfolk hits you but does no damage.
The merfolk impaler barely misses you. The water nymph touches you.
The water nymph drowns you!
* * * LOW HITPOINT WARNING * * *
The merfolk impaler hits you from afar with a +1 trident of protection!
* * * LOW HITPOINT WARNING * * *
You take 26 damage, and have 31/160 hp.
You struggle against the net.
The sea snake bites you but does no damage.
The merfolk hits you but does no damage.
The merfolk hits you with a +0 spear.
* * * LOW HITPOINT WARNING * * *
The merfolk impaler hits you with a +0 demon trident of freezing!
* * * LOW HITPOINT WARNING * * *
The merfolk impaler hits you but does no damage.
The merfolk hits you from afar with a +0 glaive!
* * * LOW HITPOINT WARNING * * *
The water nymph touches you. The water nymph drowns you!
You die...
Your body crumbles into a pile of gold.

...#.#≈≈#.......
..k...≈≈≈.......
....$.≈≈........
................
≈...............
≈≈......m(......
≈≈.....mmm......
≈≈....≈@Sm......
≈≈P..≈≈m......≈≈
≈≈P.PPmm$.≈≈≈≈≈≈
≈≈≈...≈≈..≈≈PPP≈
≈≈P(P.<..PP≈P≈≈≈
≈P≈P....P$PPP≈≈≈


PP.P..PPPPPP≈P≈≈ ≈PPPP..≈PPPPPP≈≈ ≈≈≈≈≈≈≈≈≈≈≈≈≈≈≈ You could see 2 merfolk
impalers, a sea snake (drained), a wind drake (repels missiles, unaware), 5
merfolk and a water nymph (drained).

Vanquished Creatures
  Mara (Snake:3)
  Saint Roka (Orc:2)
  Vashnia (Snake:3)
  Jorgrun (Snake:3)
  Asterion (Snake:3)
  A kraken (Shoals:1)
  Frances (D:13)
  Polyphemus (Shoals:2)
  Donald (Snake:4)
  Kirke (D:13)
  Ilsuiw (Shoals:2)
  3 nagarajas
  Aizul (Snake:4)
  Louise (Snake:3)
  A stone giant (D:15)
  Nessos (D:13)
  A merfolk javelineer (Shoals:2)
  6 merfolk impalers
  2 spectral krakens (Shoals:3)
  4 boulder beetles
  3 catoblepae
  8 hydras
  10 anacondas
  3 ghost crabs (Shoals:3)
  12 naga warriors
  9 salamander tyrants
  2 merfolk aquamancers
  A merfolk avatar (Shoals:3)
  6 ogre magi
  2 satyrs
  3 centaur warriors
  29 two-headed ogres
  An alligator snapping turtle (Shoals:3)
  A deep troll shaman (Lair:6)
  5 tengu warriors
  17 death yaks
  12 shock serpents
  Urug (Orc:2)
  A spriggan (Lair:1)
  25 naga sharpshooters
  Nergalle (Lair:2)
  The ghost of spiderkeys the Covered, a novice TeAK of Lugonu (D:8)
  7 salamander mystics
  8 skeletal warriors
  9 sea snakes
  2 lindwurms
  2 orc knights
  5 naga ritualists
  A wizard (D:13)
  2 necromancers (D:13)
  17 harpies
  2 deep elf pyromancers (D:13)
  2 ugly things
  21 manticores
  6 fauns
  An oklob plant (Lair:6)
  4 mana vipers
  A moth of wrath (D:8)
  6 cyclopes
  A moth of wrath (shapeshifter) (D:14)
  49 salamanders
  17 elephants
  35 black mambas
  5 water nymphs
  10 merfolk sirens
  4 guardian serpents
  7 cane toads
  36 naga magi
  Maggie (D:6)
  A gargoyle (D:11)
  A cane toad (shapeshifter) (D:13)
  3 komodo dragons
  A komodo dragon (shapeshifter) (D:13)
  A kobold demonologist (D:10)
  A tengu conjurer (D:13)
  2 efreet
  2 freezing wraiths
  8 rime drakes
  A queen bee (D:13)
  9 trolls
  2 polar bears
  3 meliai (D:13)
  42 merfolk
  A hornet (Lair:1)
  2 wind drakes (Shoals:3)
  5 slime creatures (D:15)
  17 blink frogs
  8 snapping turtles
  14 dream sheep
  A spectral wind drake (Shoals:3)
  2 spectral merfolk (Shoals:3)
  2 wraiths
  2 shadows
  8 water elementals
  8 basilisks
  9 wyverns
  6 hogs (D:13)
  2 humans (D:9)
  26 yaks
  69 nagas
  3 steam dragons
  7 wargs
  An acid dragon (D:11)
  19 water moccasins
  2 sky beasts
  2 ice beasts
  28 orc warriors
  3 black bears
  A necrophage (D:5)
  34 ogres
  15 centaurs
  50 wolves
  3 phantoms
  2 kobold brigands
  A gnoll sergeant (D:12)
  10 bullfrogs
  3 scorpions
  15 killer bees
  6 wights (D:8)
  4 howler monkeys
  7 electric eels (Snake:2)
  2 bullfrog zombies
  A hound (D:7)
  A lava snake (Lair:6)
  3 jellies
  15 orc priests
  2 centaur zombies (D:9)
  A bullfrog skeleton (D:6)
  4 iguanas
  11 orc wizards
  12 hell rats
  A killer bee zombie (D:7)
  A howler monkey zombie (D:6)
  9 adders
  4 gnolls (D:12)
  2 white imps
  2 worms
  A dart slug (D:2)
  81 orcs
  3 ball pythons
  7 bats
  8 endoplasms
  A giant cockroach (D:3)
  9 goblins
  5 hobgoblins
  6 jackals
  4 quokkas
  2 frilled lizards
  12 kobolds
  A quokka skeleton (D:4)
  2 rats
  A plant (Shoals:3)
  6 tentacles
1140 creatures vanquished.

Vanquished Creatures (collateral kills)
  A merfolk impaler (Shoals:2)
1 creature vanquished.

Vanquished Creatures (others)
  A sea snake (Shoals:3)
  A manticore (Shoals:1)
  A salamander (Snake:2)
  A guardian serpent (Snake:4)
  A cane toad (Lair:5)
  A rime drake (Lair:5)
  A merfolk (Shoals:3)
  2 water moccasins (Lair:5)
  A kobold brigand (D:8)
  An orc wizard (Orc:2)
  A kobold (D:8)
  33 fungi
  157 plants
  20 tentacles
  14 withered plants
236 creatures vanquished.

Grand Total: 1377 creatures vanquished

Notes
Turn   | Place    | Note
-------+----------+-------------------------------------------
     0 | D:1      | gimp the Formicid Monk began the quest for the Orb.
     0 | D:1      | Reached XP level 1. HP: 18/18 MP: 1/1
   194 | D:1      | Reached XP level 2. HP: 14/24 MP: 2/2
   578 | D:1      | Reached skill level 1 in Armour
   733 | D:1      | You fall into a shaft and drop 1 floor!
   741 | D:2      | Reached XP level 3. HP: 26/29 MP: 3/3
  1430 | D:1      | Found a faded altar of an unknown god.
  1486 | D:2      | Reached XP level 4. HP: 36/37 MP: 4/4
  1762 | D:2      | Reached skill level 4 in Axes
  2062 | D:3      | Found a glowing golden altar of the Shining One.
  2680 | D:3      | Reached XP level 5. HP: 42/42 MP: 5/5
  2814 | D:4      | Found a stormy altar of Qazlal.
  3158 | D:4      | You fall into a shaft and drop 1 floor!
  3158 | D:5      | Entered Level 5 of the Dungeon
  3178 | D:5      | Reached skill level 5 in Axes
  3178 | D:5      | Reached XP level 6. HP: 40/49 MP: 6/6
  3593 | D:5      | Noticed a necrophage
  3616 | D:5      | Killed a necrophage
  3680 | D:5      | Reached XP level 7. HP: 31/55 MP: 7/7
  4024 | D:7      | Found Popahic's Distillery.
  4033 | D:7      | Bought a potion of curing for 30 gold pieces
  4033 | D:7      | Bought a potion of heal wounds for 50 gold pieces
  4033 | D:7      | Bought a potion of curing for 30 gold pieces
  4065 | D:7      | Found a glowing silver altar of Zin.
  4067 | D:7      | Found a snail-covered altar of Cheibriados.
  4069 | D:7      | Found a hazy altar of Hepliaklqana.
  4069 | D:7      | Found a radiant altar of Vehumet.
  4109 | D:7      | Reached skill level 5 in Fighting
  4214 | D:7      | Reached skill level 6 in Axes
  4640 | D:7      | Reached XP level 8. HP: 50/64 MP: 8/8
  4757 | D:7      | Bought a potion of might for 40 gold pieces
  4986 | D:7      | Reached skill level 7 in Axes
  5107 | D:6      | Noticed a yak
  5107 | D:6      | Noticed a yak
  5108 | D:6      | Noticed a yak
  5126 | D:7      | Killed a yak
  5130 | D:7      | Killed a yak
  5131 | D:7      | Reached skill level 5 in Armour
  5131 | D:7      | Killed a yak
  5173 | D:6      | Reached skill level 8 in Axes
  5173 | D:6      | Reached XP level 9. HP: 50/71 MP: 9/9
  5283 | D:6      | Noticed Maggie
  5304 | D:6      | Killed Maggie
  5730 | D:6      | Reached skill level 9 in Axes
  6159 | D:5      | Found a staircase to the Ecumenical Temple.
  6166 | Temple   | Entered the Ecumenical Temple
  6265 | Temple   | Became a worshipper of Gozag Ym Sagoz the Greedy
  6370 | D:5      | You fall into a shaft and drop 2 floors!
  6746 | D:4      | Found a hazy altar of Hepliaklqana.
  6747 | D:4      | Found a bloodstained altar of Trog.
  6747 | D:4      | Found a sacrificial altar of Ru.
  6750 | D:4      | Found a basalt altar of Yredelemnul.
  6750 | D:4      | Found a shimmering blue altar of Sif Muna.
  6750 | D:4      | Found a shimmering altar of Xom.
  7225 | D:6      | Found Cyleut's Antique Armour Boutique.
  7230 | D:6      | Bought a pair of embroidered boots for 202 gold pieces
  7659 | D:6      | Reached skill level 10 in Axes
  7885 | D:6      | Reached XP level 10. HP: 77/79 MP: 10/10
  7991 | D:8      | Found a transporter.
  7997 | D:8      | Found a transporter.
  8672 | D:8      | Noticed spiderkeys's ghost (novice TeAK)
  8681 | D:8      | Noticed a moth of wrath
  9183 | D:9      | Found an iron altar of Okawaru.
  9196 | D:9      | Reached skill level 11 in Axes
  9250 | D:9      | Noticed a two-headed ogre
 10412 | D:10     | Entered Level 10 of the Dungeon
 10460 | D:10     | Found a staircase to the Orcish Mines.
 10574 | D:10     | Found Esenit Waon's Antique Weapon Boutique.
 10574 | D:10     | Noticed a centaur warrior
 10595 | D:10     | Killed a centaur warrior
 10842 | D:10     | Found an ornate altar of the Wu Jian Council.
 10842 | D:10     | Noticed a kobold demonologist
 10858 | D:10     | Killed a kobold demonologist
 10859 | D:10     | Reached skill level 12 in Axes
 10859 | D:10     | Reached XP level 11. HP: 84/84 MP: 11/11
 11313 | D:11     | Noticed a boulder beetle
 11339 | Orc:1    | Entered Level 1 of the Orcish Mines
 11815 | Orc:2    | Entered Level 2 of the Orcish Mines
 12018 | Orc:2    | Noticed an orc knight
 12152 | Orc:1    | Reached skill level 10 in Armour
 12308 | Orc:2    | Noticed a two-headed ogre
 12312 | Orc:2    | Noticed a two-headed ogre
 12313 | Orc:2    | Noticed Urug
 12345 | Orc:2    | Noticed a two-headed ogre
 12365 | Orc:1    | Killed a two-headed ogre
 12366 | Orc:1    | Reached skill level 13 in Axes
 13024 | Orc:2    | Killed an orc knight
 13035 | Orc:2    | Noticed a two-headed ogre
 13186 | Orc:1    | Killed a two-headed ogre
 13202 | Orc:2    | Noticed an ogre mage
 13240 | Orc:2    | Noticed a two-headed ogre
 13241 | Orc:2    | Noticed an orc knight
 13247 | Orc:2    | Noticed a two-headed ogre
 13262 | Orc:1    | Killed an orc knight
 13410 | Orc:1    | Killed a two-headed ogre
 13411 | Orc:1    | Reached XP level 12. HP: 42/91 MP: 12/12
 13685 | Orc:2    | Killed a two-headed ogre
 13686 | Orc:2    | Reached skill level 14 in Axes
 14005 | Orc:2    | Killed a two-headed ogre
 14113 | Orc:2    | Noticed a two-headed ogre
 14180 | Orc:2    | Killed a two-headed ogre
 14208 | Orc:2    | Killed a two-headed ogre
 14250 | Orc:2    | Killed Urug
 14334 | Orc:2    | Noticed a two-headed ogre
 14347 | Orc:2    | Killed a two-headed ogre
 14427 | Orc:2    | Noticed a two-headed ogre
 14438 | Orc:2    | Killed a two-headed ogre
 14439 | Orc:2    | Reached skill level 15 in Axes
 14666 | Orc:2    | Noticed a two-headed ogre
 14675 | Orc:2    | Killed a two-headed ogre
 14710 | Orc:2    | Noticed a two-headed ogre
 14731 | Orc:2    | Killed a two-headed ogre
 14773 | Orc:2    | Noticed a two-headed ogre
 14782 | Orc:2    | Killed a two-headed ogre
 14796 | Orc:2    | Noticed an ogre mage
 14799 | Orc:2    | Noticed a two-headed ogre
 14815 | Orc:2    | Killed an ogre mage
 14816 | Orc:2    | Reached XP level 13. HP: 89/96 MP: 13/13
 15015 | Orc:2    | Noticed an ogre mage
 15024 | Orc:2    | Killed an ogre mage
 15025 | Orc:2    | Reached skill level 16 in Axes
 15177 | Orc:2    | Killed an ogre mage
 15178 | Orc:2    | Noticed an ogre mage
 15180 | Orc:2    | Noticed Saint Roka
 15411 | Orc:2    | Killed an ogre mage
 15522 | D:11     | Found a staircase to the Lair.
 15832 | D:11     | Noticed a six-headed hydra
 16017 | D:7      | Bought the +2 pair of boots of the Furies {Rampage} for 322
                  | gold pieces
 16032 | D:7      | Bought a +0 tower shield of protection for 195 gold pieces
 16068 | D:8      | Found a bloodstained altar of Trog.
 16097 | D:8      | Reached skill level 1 in Shields
 16110 | D:8      | Killed spiderkeys's ghost
 16947 | D:11     | Killed a boulder beetle
 17113 | D:11     | Found a hazy altar of Hepliaklqana.
 17113 | D:11     | Found a faded altar of an unknown god.
 17222 | D:11     | Identified the +2 mace of the Pharaoh's Fist {venom, rN++}
 17284 | D:11     | Found a runed translucent gate.
 17285 | D:11     | Found a runed translucent gate.
 17291 | D:11     | Killed a one-headed hydra
 17292 | D:11     | Reached skill level 5 in Shields
 17311 | D:11     | Found a runed translucent gate.
 17313 | D:11     | Noticed Demosthentine's ghost (journeyman MfGl)
 17313 | D:11     | Noticed TerrariaFan's ghost (journeyman MiFi)
 17665 | Lair:1   | Entered Level 1 of the Lair of Beasts
 17723 | Lair:1   | Noticed an eight-headed hydra
 17733 | Lair:1   | Killed a one-headed hydra
 18192 | Lair:1   | Reached XP level 14. HP: 103/103 MP: 14/14
 18278 | Lair:1   | Reached skill level 17 in Axes
 18317 | Lair:1   | Identified the +7 broad axe of Zuutumigh {vorpal, Str+5
                  | Int-5}
 19055 | Lair:2   | Found a staircase to the Snake Pit.
 19134 | Lair:2   | Noticed Nergalle
 19142 | Lair:2   | Killed Nergalle
 19385 | Lair:2   | Found a staircase to the Shoals.
 20119 | Lair:3   | Reached skill level 10 in Shields
 20616 | Lair:4   | Found a dark tunnel.
 20622 | Volcano  | Entered a volcano
 20743 | Lair:4   | Identified the +1 robe of Owuqa {rElec Str+2 Int-3 Dex+2}
 21548 | Lair:5   | Reached XP level 15. HP: 96/108 MP: 15/15
 22237 | Lair:5   | Reached skill level 18 in Axes
 22392 | Lair:5   | Found a staircase to the Slime Pits.
 23435 | Lair:5   | Bought a jewelled plate armour for 952 gold pieces
 23435 | Lair:5   | Identified the +5 plate armour of Cloud Cover {rElec Will+}
                  | (You bought it in a shop on level 5 of the Lair of Beasts)
 23435 | Lair:5   | Bought a pair of embroidered gloves for 255 gold pieces
 23447 | Lair:5   | Bought a pair of runed gloves for 255 gold pieces
 23460 | Lair:6   | Entered Level 6 of the Lair of Beasts
 24039 | Lair:6   | Reached skill level 15 in Shields
 24204 | Lair:6   | Identified the +10 long sword of the Moon {freeze, rPois}
 24766 | Lair:6   | Reached XP level 16. HP: 115/115 MP: 16/16
 26183 | D:13     | Noticed Kirke
 26195 | D:13     | Killed Kirke
 26783 | D:13     | Found a gate to the Vaults.
 26925 | D:13     | Noticed Nessos
 26927 | D:13     | Noticed Frances
 26937 | D:13     | Killed Nessos
 26945 | D:13     | Killed Frances
 27097 | D:13     | Bought the necklace of Bloodlust {*Rage +Rage Will++ Int-3
                  | Slay+6} for 777 gold pieces
 27097 | D:13     | Found the necklace of Bloodlust {*Rage +Rage Will++ Int-3
                  | Slay+6}
 27161 | D:13     | Reached skill level 19 in Axes
 27780 | D:14     | Found a runed translucent gate.
 27780 | D:14     | Found a runed translucent gate.
 27781 | D:14     | Found a runed translucent gate.
 27782 | D:14     | Noticed robertstho's ghost (journeyman DjFE)
 28501 | D:15     | Entered Level 15 of the Dungeon
 28526 | D:15     | Found a sacrificial altar of Ru.
 28721 | D:15     | Reached XP level 17. HP: 104/120 MP: 17/17
 28724 | D:15     | Found a staircase to the Depths.
 29612 | Orc:2    | Killed Saint Roka
 30138 | Orc:2    | Found a staircase to the Elven Halls.
 30161 | Orc:2    | Found Gyfethyrgh's General Store.
 30161 | Orc:2    | Found Kekuuhip's Jewellery Shop.
 30162 | Orc:2    | Found Deuf's Magic Scroll Shop.
 30162 | Orc:2    | Found Kuthim's Antique Armour Shoppe.
 30169 | Orc:2    | Bought a potion of curing for 45 gold pieces
 30171 | Orc:2    | Bought a pair of polished gloves for 190 gold pieces
 30171 | Orc:2    | Identified the +1 pair of gloves of Woshase {rN+ rCorr
                  | Str-3 Int+6} (You bought it in a shop on level 2 of the
                  | Orcish Mines)
 30174 | Orc:2    | Bought a scroll of fog for 28 gold pieces
 30174 | Orc:2    | Bought a scroll of magic mapping for 49 gold pieces
 30174 | Orc:2    | Bought a scroll of magic mapping for 49 gold pieces
 30174 | Orc:2    | Bought a scroll of enchant weapon for 105 gold pieces
 30301 | Orc:2    | Bought the ring "Uqustaatz" {rPois rF- Will+ Str+9} for 577
                  | gold pieces
 30426 | Snake:1  | Entered Level 1 of the Snake Pit
 30534 | Snake:1  | Reached skill level 15 in Armour
 31298 | Snake:1  | Identified the ring of Zentuuf {Drain rN++ MP+9 AC+4
                  | Stlth+}
 32329 | Snake:1  | Identified the +7 hunting sling "Fiskur" {flame, rC+}
 32801 | Snake:2  | Reached XP level 18. HP: 108/127 MP: 16/18
 33224 | Snake:2  | Reached skill level 20 in Axes
 33322 | Snake:2  | Reached skill level 1 in Evocations
 34341 | Snake:3  | Noticed Louise
 34355 | Snake:3  | Killed Louise
 34390 | Snake:3  | Noticed Vashnia
 34457 | Snake:3  | Killed Vashnia
 34865 | Snake:3  | Noticed Jorgrun
 34869 | Snake:3  | Killed Jorgrun
 35170 | Snake:3  | Reached skill level 5 in Evocations
 35350 | Snake:3  | Noticed Mara
 35365 | Snake:3  | Noticed gimp's illusion
 35369 | Snake:3  | Killed Mara
 36537 | Snake:4  | Entered Level 4 of the Snake Pit
 36537 | Snake:4  | Identified the +4 kite shield of Koelet {rPois Dex+7}
 36537 | Snake:4  | Noticed Asterion
 36755 | Snake:3  | Killed Asterion
 36985 | Snake:4  | Reached XP level 19. HP: 90/133 MP: 19/19
 37451 | Snake:4  | Identified the +1 chain mail of the Game of Kings {rCorr}
 37612 | Snake:4  | Noticed Donald
 37630 | Snake:4  | Killed Donald
 37949 | Snake:4  | Noticed Aizul
 37961 | Snake:4  | Killed Aizul
 38222 | Snake:4  | Found Bysteur's Book Shop.
 38223 | Snake:4  | Found Jifreco's Jewellery Emporium.
 38223 | Snake:4  | Found Heczudghu's Jewellery Emporium.
 38248 | Snake:4  | Bought the ring "Luypsu" {Drain rC++ Will+ rCorr Int+2} for
                  | 827 gold pieces
 39655 | Snake:4  | Reached skill level 10 in Fighting
 40066 | Snake:4  | Reached skill level 10 in Evocations
 40066 | Snake:4  | Reached XP level 20. HP: 148/148 MP: 20/20
 40078 | Snake:4  | Got a serpentine rune of Zot
 40536 | Orc:2    | Bought a ring of flight for 210 gold pieces
 40689 | Shoals:1 | Entered Level 1 of the Shoals
 41623 | Shoals:1 | Found Liucragh's Assorted Antiques.
 41694 | Shoals:1 | Bought a potion of curing for 117 gold pieces
 41694 | Shoals:1 | Bought a scroll of fog for 78 gold pieces
 41694 | Shoals:1 | Bought a scroll of fog for 78 gold pieces
 42219 | Shoals:2 | Found Idix's Distillery.
 42270 | Shoals:2 | Noticed Polyphemus
 42284 | Shoals:2 | Killed Polyphemus
 42287 | Shoals:2 | Noticed Ilsuiw
 42887 | Shoals:2 | Bought a potion of curing for 45 gold pieces
 42887 | Shoals:2 | Bought a potion of might for 60 gold pieces
 42887 | Shoals:2 | Bought a potion of cancellation for 120 gold pieces
 42887 | Shoals:2 | Bought a potion of might for 60 gold pieces
 42974 | Shoals:2 | Killed Ilsuiw
 44450 | Shoals:3 | Identified a scroll of acquirement
 44451 | Shoals:3 | Acquired 1012 gold pieces
 44624 | Shoals:3 | Acquired 865 gold pieces
 45209 | Shoals:3 | Reached XP level 21. HP: 129/160 MP: 21/21
 46254 | Shoals:4 | Entered Level 4 of the Shoals
 46513 | Shoals:4 | HP: 2/160 [merfolk (11)]
 46513 | Shoals:4 | Drowned by a water nymph

Illustrated notes

Levels and vault maps discovered:
D:1:      minmay_arrival_plants_in_alcoves, layout_rooms,
          hellmonk_ecumenical_altar_leap_of_faith, minmay_tromino_i4
D:2:      layout_loops_ring, grunt_decor_cap
D:3:      layout_rooms, mainiacjoe_overflow_catwalk
D:4:      layout_basic, mainiacjoe_overflow_cross_hatched, doesnt_xom_only_xom,
          roderic_serpentine_path, hangedman_feature_mirror
D:5:      layout_basic, minmay_temple_entry_gardened_gates
D:6:      layout_basic, serial_shops, nicolae_shop_behind_doors, uniq_maggie
D:7:      layout_basic, nicolae_overflow_hidden_temple, serial_shops,
          nicolae_stop_n_shop_2, skrybe_limestone_x,
          chequers_serial_rivers_micro_e
D:8:      layout_basic, gammafunk_ghost_wrathful_warriors, glass_columns_a
D:9:      layout_cave_pools, okawaru_humans
D:10:     layout_basic, mainiacjoe_overflow_paths, minmay_orc_entry_guard_dogs,
          serial_shops, shop, minmay_misc_feat_rugged
D:11:     layout_basic, david_lair_generic, gammafunk_ghost_cemetery,
          beargit_hepliaklqana_dungeon_heroes
D:12:     layout_roguey [special_room_orc], minmay_misc_feat_x
D:13:     layout_layer_cave, david_vaults_1, nicolae_looking_at_the_future,
          uniq_nessos, uniq_kirke, uniq_frances
D:14:     layout_basic, gammafunk_ghost_hydra_chop,
          infiniplex_staircase_pillars_2
D:15:     grunt_enter_depths_snipers, layout_loops_ring,
          nicolae_ru_path_of_blood
Temple:   dshaligram_water_room_temple
Lair:1:   layout_misc_corridors, grunt_forest_large_clearings
Lair:2:   layout_loops_ring, elwin_shoals_entry_rooms, dummy_snake_entry,
          grunt_megastairs_5, uniq_nergalle
Lair:3:   layout_cave_pods, beast_lair_carwin_6
Lair:4:   layout_long_grid, nicolae_volcano_entry_s_turn, grunt_megastairs_2
Lair:5:   layout_loops_ring, nicolae_slime_entry_slimehenge, special_room
          [special_room_mythical_zoo], chequers_serial_rivers_large_a
Lair:6:   grunt_lair_end_beastmaster, layout_small_grid, disabler_island,
          lemuel_fruit_tree
Shoals:1: cheibrodos_shoals_roost, layout_shoals, serial_shops,
          nicolae_shop_stone, nicolae_shoals_flooded_hall
Shoals:2: layout_shoals, serial_shops, shop, uniq_polyphemus, uniq_ilsuiw
Shoals:3: layout_shoals, nicolae_shoals_spectral_cove
Shoals:4: shoals_end_grunt_ice, layout_shoals
Snake:1:  kennysheep_snake, layout_misc_corridors
Snake:2:  layout_onion_interference, drop_trap, nicolae_snake_gridmaze_waves,
          abandoned_shop, serial_bayou_lake_a
Snake:3:  layout_chambers, nicolae_snake_salamander_stairs, uniq_mara,
          uniq_vashnia, uniq_louise, uniq_jorgrun
Snake:4:  grunt_snake_rune_pools, layout_misc_corridors, minmay_shop_grove,
          uniq_aizul, uniq_asterion, uniq_donald
Orc:1:    cheibrodos_orc_guarddog, layout_caves
Orc:2:    st_orc_ogre_mass, layout_caves, uniq_urug, uniq_saint_roka

Skill      XL: |  1  2  3  4  5  6  7  8  9 10 11 12 13 14 15 16 17 18 19 20 |
---------------+-------------------------------------------------------------+-----
Armour         | 1 2 3 4 5 7 9 10 12 13 14 15 16 18 19 | 19.1
Axes           | 4 5 6 8 10 12 13 15 16 17 18 19 20 | 20.0
Fighting       | 4 5 6 7 10 12 | 12.6
Shields        | 6 12 15 16 17 18 | 18.8
Evocations     | 6 10 12 | 12.3
Dodging        | |  2.6
Stealth        | |  2.4

Action                   |  1- 3 |  4- 6 |  7- 9 | 10-12 | 13-15 | 16-18 | 19-21 || total
-------------------------+-------+-------+-------+-------+-------+-------+-------++-------
Melee: Hand axe          |   102 |   194 |       |       |       |       |       ||   296
       War axe           |       |    19 |   238 |   343 |    28 |       |       ||   628
       Battleaxe         |       |       |       |   224 |   768 |   704 |   549 ||  2245
       Scimitar          |       |       |       |       |    65 |       |       ||    65
       Broad axe         |       |       |       |       |   239 |   394 |   483 ||  1116
Throw: Dart              |       |       |     6 |    46 |     6 |       |       ||    58
Invok: Call Merchant     |       |       |       |       |     3 |     2 |       ||     5
       Potion Petition   |       |       |       |       |       |       |     6 ||     6
       Bribe Branch      |       |       |       |       |       |       |     1 ||     1
 Abil: Dig               |     1 |     3 |     3 |       |    10 |    14 |     2 ||    33
Evoke: Wand              |       |       |       |       |     4 |     2 |       ||     6
       Phial of floods   |       |       |       |       |     1 |       |       ||     1
       Phantom mirror    |       |       |       |       |       |       |     1 ||     1
  Use: Scroll            |       |       |    12 |     4 |     9 |     2 |     5 ||    32
       Potion            |       |       |       |       |       |     2 |     3 ||     5
 Stab: Distracted        |     1 |       |       |     3 |    17 |     5 |     6 ||    32
       Sleeping          |     3 |     2 |     2 |    11 |     3 |       |       ||    21
       Paralysed         |       |       |       |       |     6 |       |       ||     6
       Invisible         |       |       |       |       |       |       |    19 ||    19
Armor: Ring mail         |    50 |    59 |       |       |       |       |       ||   109
       Chain mail        |       |    25 |    60 |       |       |       |       ||    85
       Acid dragon scale |       |       |    41 |   187 |   141 |       |       ||   369
       Plate armour      |       |       |       |       |   208 |   239 |   364 ||   811
Dodge: Dodged            |    89 |    90 |    97 |   331 |   277 |   151 |   188 ||  1223
Block: Other             |       |    46 |    53 |   124 |    16 |       |       ||   239
       Reflection        |       |     2 |       |     4 |    26 |    17 |       ||    49
       Tower shield      |       |       |       |       |   974 |   862 |       ||  1836
       Kite shield       |       |       |       |       |       |    28 |   853 ||   881
       Rpst.: Scimitar   |       |       |       |       |     4 |       |       ||     4

Table legend: (Time is in decaauts)
 A = Elapsed time spent in this place.
 B = Non-inter-level travel time spent in this place.
 C = Inter-level travel time spent in this place.
 D = Time resting spent in this place.
 E = Time spent auto-exploring this place.
 F = Levels seen in this place.
 G = Mean time per level.
                   A        B        C        D        E       F      G
               +--------+--------+--------+--------+--------+-----+--------+
         Total |  46008 |  43856 |   2152 |   5499 |  29057 |  33 | 1394.2 |
       Dungeon |  18078 |  17035 |   1043 |   1610 |  12088 |  15 | 1205.2 |
        Temple |    108 |    100 |      8 |      0 |     85 |   1 |  108.0 |
          Lair |   7473 |   7136 |    337 |    323 |   4971 |   6 | 1245.5 |
        Shoals |   5638 |   5530 |    108 |    510 |   4022 |   4 | 1409.5 |
     Snake Pit |   9688 |   9413 |    275 |   1427 |   6068 |   4 | 2422.0 |
  Orcish Mines |   5003 |   4623 |    380 |   1627 |   1821 |   2 | 2501.5 |
       Volcano |     16 |     16 |      0 |      0 |      0 |   1 |   16.0 |
               +--------+--------+--------+--------+--------+-----+--------+

Top non-repeatable levels by time:
 Snake:3: 3402 daAuts
   Orc:2: 2669 daAuts
 Snake:4: 2557 daAuts
   Orc:1: 2334 daAuts
  Lair:5: 2161 daAuts
 Snake:1: 2065 daAuts
Shoals:3: 1985 daAuts
     D:8: 1963 daAuts
     D:6: 1822 daAuts
Shoals:2: 1820 daAuts
Shoals:1: 1763 daAuts
    D:13: 1676 daAuts
 Snake:2: 1663 daAuts
  Lair:6: 1460 daAuts
    D:11: 1387 daAuts
